 Dungeon Crawl Stone Soup version 0.29.0-4-gdea44cf6ec (webtiles) character file.

Game seed: 11976682863751676054

3752 qw the Cleaver (level 9, -1/68 (72) HPs)
             Began as a Demonspawn Cinder Acolyte on Sept 9, 2022.
             Was an Elder of Ignis.
             Killed from afar by an acid dragon (17 damage)
             ... with a splash of acid
             ... on level 8 of the Dungeon.
             The game lasted 00:03:00 (8339 turns).

qw the Cleaver (Demonspawn Cinder Acolyte)          Turns: 8339, Time: 00:03:01

HP:   -1/68 (72)    AC: 18    Str: 20    XL:     9   Next: 93%
MP:   0/10          EV: 16    Int: 15    God:    Ignis [****..]
Gold: 412           SH:  0    Dex: 14    Spells: 10/10 levels left

rFire   + . .      SeeInvis .   Y - +3 war axe (chaos)
rCold   + . .      Faith    .   (no shield)
rNeg    . . .      Spirit   +   q - +0 chain mail
rPois   .          Reflect  .   (helmet restricted)
rElec   .          Harm     .   h - +1 cloak of Starlight {*Dazzle EV+4 Stlth--}
rCorr   .          Rampage  .   (no gloves)
Will    .....      Clarity  +   (no boots)
Stlth   ..........              k - amulet of guardian spirit
HPRegen 0.21/turn               m - +4 ring of evasion
MPRegen 0.12/turn               n - +6 ring of dexterity

@: lethally poisoned (-1 -> -5), about to teleport, fiery-armoured, slowed,
drained, very slow
A: hooves 1, horns 2, powered by pain 2, weakness stinger 2, beak, clarity, cold
resistance 1
a: Renounce Religion, Fiery Armour, Foxfire Swarm, Rising Flame


You were on level 8 of the Dungeon.
You worshipped Ignis.
Ignis was greatly pleased with you.
You visited 1 branch of the dungeon, and saw 8 of its levels.
You also visited: Ossuary.

You collected 412 gold pieces.


Innate Abilities, Weirdness & Mutations

You have large cloven feet.
You have a pair of horns on your head.
You sometimes gain power by taking damage.
You have a tail ending in a sharp stinger.
You have a beak for a mouth.
You possess an exceptional clarity of mind.
Your flesh is cold resistant. (rC+)


   Skills:
 - Level 7.1 Fighting
 - Level 11.0 Axes
 + Level 3.6 Armour
 - Level 2.5 Dodging
 - Level 1.0 Spellcasting
 - Level 2.6 Fire Magic


You had 10 spell levels left.
You didn't know any spells.
Your spell library contained the following spells:

 Spells                   Type           Power      Damage    Failure   Level
 Scorch                   Fire           16%        2d6       77%         2

Inventory:

Hand Weapons
 c - a -1 hand axe of flaming
 Y - a +3 war axe of chaos (weapon)
Armour
 h - the +1 cloak of Starlight (worn) {*Dazzle EV+4 Stlth--}
   (You acquired it on level 3 of the Dungeon)

   It may blind those who miss an attack against the wearer in melee combat.
   EV:        It affects your evasion (+4).
   Stlth:     It makes you much less stealthy.
 q - a +0 chain mail (worn)
Jewellery
 f - a ring of fire
 k - an amulet of guardian spirit (around neck)
 m - a +4 ring of evasion (left hand)
 n - a +6 ring of dexterity (right hand)
Wands
 l - a wand of digging (2)
Scrolls
 e - 3 scrolls of teleportation
 g - a scroll of identify
Potions
 a - a potion of might
 b - 6 potions of curing
 i - 3 potions of haste
 j - 2 potions of heal wounds
 r - a potion of mutation

Dungeon Overview and Level Annotations

Branches:
Dungeon (8/15)             Temple (0/1) D:7         Ossuary (visited)
   Lair: D:8-11

Altars:
Dithmenos
Nemelex Xobeh
Okawaru
Ru
Sif Muna
Xom

Annotations:
D:5 3 runed translucent doors, qw's ghost, novice MiBe


Message History

You are poisoned.
You have difficulty breathing.
You feel yourself slow down.
8335 ||| FLEEEEING.
You feel very sick.
The kobold brigand throws a curare-tipped dart.
The curare-tipped dart hits you.
You are more poisoned.
You have difficulty breathing.
You feel as though you will be slow longer.
A kobold comes into view. It is wielding a +0 whip of flaming.
You feel very sick.
The kobold shouts!
You hear a shout!
The acid dragon closely misses you. The acid dragon misses you.
8337 ||| INVOKING Fiery Armour.
A protective cloak of flame settles atop you.
You feel very sick.
The acid dragon bites you but does no damage.
The acid dragon is burned by your cloak of flames.
The acid dragon is moderately wounded.
The acid dragon misses you. The kobold hits you but does no damage.
The kobold is burned by your cloak of flames.
You kill the kobold!
The acid dragon spits acid at you. The splash of acid hits you!
You hear a shout!
You closely miss the acid dragon. Your kick misses the acid dragon.
The acid dragon is moderately wounded.
You feel very sick.
A kobold comes into view. It is wielding a +0 whip.
The acid dragon barely misses you.
The acid dragon is blinded by the light from your cloak!
The acid dragon completely misses you.
A kobold comes into view. It is wielding a +0 short sword.
8339 ||| READING 4 scrolls of teleportation.
As you read the scroll of teleportation, it crumbles to dust.
You feel strangely unstable.
You feel sick. The acid dragon spits acid at you. The splash of acid hits you!!
You die...

#.............
#.............
#...$KK......
#............
#...........#
##......#...#
###K....#..#..
##.D...........
##.@K<(..#......###.
#....#..##......#...
##....####...........
#.......<............
#..#.................
##.##......##........
## #......###.......
##...............
##.....####.##..


You could see an acid dragon (blind, catching breath), a kobold brigand and 3
kobolds.

Vanquished Creatures
  Pikel (D:4)
  Prince Ribbit (D:7)
  Menkaure (D:5)
  A water moccasin (D:7)
  A black bear (D:7)
  An orc warrior (D:6)
  2 ice beasts
  An ogre (D:5)
  2 centaurs
  A phantom (D:4)
  4 lemures (D:4)
  A kobold brigand (D:6)
  A bullfrog (D:6)
  2 elf zombies (Ossuary)
  2 scorpions
  3 necrophages
  4 wights (D:7)
  A howler monkey (D:6)
  4 crimson imps (D:3)
  2 human zombies (Ossuary)
  4 jellies
  8 centaur zombies (Ossuary)
  2 hounds
  A gnoll bouda (D:7)
  3 orc priests
  2 iguanas
  Ijyb (D:3)
  Terence (D:2)
  6 orc wizards
  3 mummies (Ossuary)
  13 adders
  9 gnolls
  2 shadow imps
  3 white imps
  An ufetubus (D:5)
  2 worms (D:2)
  3 dart slugs
  15 orcs
  5 ball pythons
  6 endoplasms
  5 giant cockroaches
  5 goblins
  8 hobgoblins
  7 jackals
  7 quokkas
  5 bats
  A frilled lizard (D:3)
  17 kobolds
  9 rats
190 creatures vanquished.

Vanquished Creatures (others)
  A fungus (D:1)
  2 plants (D:7)
3 creatures vanquished.

Grand Total: 193 creatures vanquished

Notes
Turn   | Place    | Note
-------+----------+-------------------------------------------
     0 | D:1      | qw the Demonspawn Cinder Acolyte began the quest for the
                  | Orb.
     0 | D:1      | Reached XP level 1. HP: 18/18 MP: 2/2
     0 | D:1      | 0 ||| qw: Version: 0.1-a-113-g051387a
     0 | D:1      | 0 ||| qw: Game counter: 7249
     0 | D:1      | 0 ||| qw: Always use a shield: true
     0 | D:1      | 0 ||| qw: God list: Okawaru
     0 | D:1      | 0 ||| qw: Allow faded altars: false
     0 | D:1      | 0 ||| qw: Do Orc after D:15 true
     0 | D:1      | 0 ||| qw: Do second Lair branch before Depths: true
     0 | D:1      | 0 ||| qw: Lair rune preference: random
     0 | D:1      | 0 ||| qw: Plans: Normal
     0 | D:1      | 0 ||| PLANNING D:1-11
   157 | D:1      | Reached skill level 3 in Axes
   164 | D:1      | 164 ||| Stepping ~*~*~tactically~*~*~ (stealth).
   173 | D:1      | Discovered your monstrous ancestry.
   173 | D:1      | Gained mutation: You have a small tail. [demonic ancestry]
   173 | D:1      | Reached XP level 2. HP: 20/24 MP: 3/3
   176 | D:1      | 176 ||| INVOKING Fiery Armour.
   666 | D:1      | 666 ||| Stepping ~*~*~tactically~*~*~ (stealth).
   676 | D:1      | Found a faded altar of an unknown god.
   791 | D:1      | 791 ||| Stepping ~*~*~tactically~*~*~ (hiding).
  1023 | D:1      | 1023 ||| UPGRADING to +0 leather armour.
  1033 | D:1      | 1033 ||| DROPPING +0 robe.
  1034 | D:1      | 1034 ||| UPGRADING to +0 scale mail.
  1044 | D:1      | 1044 ||| DROPPING +0 leather armour.
  1045 | D:1      | 1045 ||| UPGRADING to amulet of guardian spirit.
  1050 | D:1      | 1050 ||| READING scroll labelled YGOICEE BECUI.
  1051 | D:1      | 1051 ||| READING 3 scrolls labelled GOXOODGH NIEDOTT.
  1054 | D:1      | 1054 ||| READING 2 scrolls labelled MOCILO QOYBUNA.
  1055 | D:1      | 1055 ||| READING scroll labelled RUELEO ROARY.
  1056 | D:1      | 1056 ||| READING scroll labelled PYLABL SAMAULL.
  1128 | D:2      | 1128 ||| Stepping ~*~*~tactically~*~*~ (stealth).
  1178 | D:2      | 1178 ||| Stepping ~*~*~tactically~*~*~ (stealth).
  1185 | D:2      | Gained mutation: You have a pair of small horns on your
                  | head. [demonic ancestry]
  1185 | D:2      | Reached XP level 3. HP: 29/29 MP: 4/4
  1249 | D:2      | Reached skill level 4 in Axes
  1465 | D:2      | Reached skill level 1 in Armour
  1550 | D:2      | 1550 ||| Stepping ~*~*~tactically~*~*~ (stealth).
  1721 | D:2      | Gained mutation: You have large cloven feet. [demonic
                  | ancestry]
  1721 | D:2      | Reached XP level 4. HP: 35/35 MP: 5/5
  1724 | D:2      | Noticed Terence
  1734 | D:2      | Killed Terence
  2228 | D:2      | 2228 ||| READING scroll labelled DESIWE ACEUNOR.
  2229 | D:2      | 2229 ||| READING 3 scrolls of identify.
  2229 | D:2      | 2229 ||| IDENTIFYING orange potion
  2230 | D:2      | 2230 ||| READING 2 scrolls of identify.
  2230 | D:2      | 2230 ||| IDENTIFYING inky potion
  2231 | D:2      | 2231 ||| DROPPING potion of berserk rage.
  2457 | D:3      | Found a shimmering altar of Xom.
  2463 | D:3      | Reached skill level 5 in Axes
  2463 | D:3      | Gained mutation: You sometimes gain a little power by
                  | taking damage. [demonic ancestry]
  2463 | D:3      | Reached XP level 5. HP: 32/41 MP: 4/6
  2465 | D:3      | Reached skill level 1 in Dodging
  2535 | D:3      | 2535 ||| Stepping ~*~*~tactically~*~*~ (hiding).
  2644 | D:3      | Noticed Ijyb
  2645 | D:3      | 2645 ||| Stepping ~*~*~tactically~*~*~ (hiding).
  2661 | D:3      | Killed Ijyb
  2662 | D:3      | Gained mutation: You sometimes gain power by taking damage.
                  | [demonic ancestry]
  2662 | D:3      | Reached XP level 6. HP: 31/47 MP: 4/7
  2806 | D:3      | 2806 ||| Stepping ~*~*~tactically~*~*~ (hiding).
  2833 | D:3      | 2833 ||| INVOKING Fiery Armour.
  2837 | D:3      | Reached skill level 6 in Axes
  2935 | D:3      | 2935 ||| SWAPPING to +0 war axe.
  3546 | D:3      | 3546 ||| UPGRADING to +0 chain mail.
  3556 | D:3      | 3556 ||| DROPPING +0 scale mail.
  3557 | D:3      | 3557 ||| UPGRADING to +4 ring of evasion.
  3558 | D:3      | 3558 ||| READING scroll labelled BEOXOA OSIAJOI.
  3659 | D:3      | 3659 ||| READING scroll labelled LORESO JASOZ.
  3659 | D:3      | Identified a scroll of acquirement
  3659 | D:3      | 3659 ||| ACQUIRING +1 cloak of Starlight {*Dazzle EV+4
                  | Stlth--}
  3659 | D:3      | Acquired the +1 cloak of Starlight {*Dazzle EV+4 Stlth--}
  3659 | D:3      | Found the +1 cloak of Starlight {*Dazzle EV+4 Stlth--}
  3661 | D:3      | 3661 ||| UPGRADING to +1 cloak of Starlight {*Dazzle EV+4
                  | Stlth--}.
  3666 | D:3      | 3666 ||| READING scroll labelled OWNUOPLYIJ.
  3667 | D:3      | 3667 ||| DRINKING 2 bubbling sapphire potions.
  3668 | D:3      | 3668 ||| DROPPING potion of invisibility.
  3689 | D:4      | 3689 ||| PLANNING OSSUARY
  3689 | D:4      | 3689 ||| INVOKING Fiery Armour.
  3690 | D:4      | 3690 ||| STAIRDANCE
  3710 | D:4      | 3710 ||| STAIRDANCE
  3720 | D:4      | Gained mutation: You have a pair of horns on your head.
                  | [demonic ancestry]
  3720 | D:4      | Reached XP level 7. HP: 55/55 MP: 8/8
  3854 | D:4      | Found a sand-covered staircase.
  3855 | D:4      | 3855 ||| DRINKING 2 smoky green potions.
  3856 | D:4      | 3856 ||| READING 2 scrolls of identify.
  3856 | D:4      | 3856 ||| IDENTIFYING red potion
  3861 | Ossuary  | Entered an ossuary
  4063 | Ossuary  | Reached skill level 7 in Axes
  4152 | Ossuary  | Reached XP level 8. HP: 51/61 MP: 7/9
  4205 | Ossuary  | 4205 ||| READING 3 scrolls labelled FOAVERR VEDGHULYHEO.
  4206 | Ossuary  | 4206 ||| READING 2 scrolls of enchant weapon.
  4206 | Ossuary  | 4206 ||| ENCHANTING +1 war axe.
  4207 | Ossuary  | 4207 ||| READING scroll of enchant weapon.
  4207 | Ossuary  | 4207 ||| ENCHANTING +2 war axe.
  4208 | Ossuary  | 4208 ||| READING scroll labelled MYS LANACU.
  4209 | Ossuary  | 4209 ||| DRINKING 2 murky orange potions.
  4209 | Ossuary  | Gained mutation: You possess an exceptional clarity of
                  | mind. [potion of mutation]
  4209 | Ossuary  | Gained mutation: You have a beak for a mouth. [potion of
                  | mutation]
  4209 | Ossuary  | Gained mutation: Your flesh is cold resistant. (rC+)
                  | [potion of mutation]
  4210 | Ossuary  | 4210 ||| READING 2 scrolls of identify.
  4210 | Ossuary  | 4210 ||| IDENTIFYING grey potion
  4211 | Ossuary  | 4211 ||| DROPPING potion of lignification.
  4221 | D:4      | 4221 ||| PLANNING D:1-11
  4252 | D:4      | Reached skill level 8 in Axes
  4397 | D:4      | 4397 ||| FLEEEEING.
  4398 | D:4      | 4398 ||| FLEEEEING.
  4401 | D:4      | 4401 ||| FLEEEEING.
  4402 | D:4      | 4402 ||| FLEEEEING.
  4403 | D:4      | 4403 ||| FLEEEEING.
  4404 | D:4      | 4404 ||| FLEEEEING.
  4405 | D:4      | 4405 ||| FLEEEEING.
  4406 | D:4      | 4406 ||| FLEEEEING.
  4407 | D:4      | 4407 ||| FLEEEEING.
  4408 | D:4      | 4408 ||| FLEEEEING.
  4409 | D:4      | 4409 ||| FLEEEEING.
  4410 | D:4      | 4410 ||| FLEEEEING.
  4411 | D:4      | 4411 ||| FLEEEEING.
  4412 | D:4      | 4412 ||| FLEEEEING.
  4413 | D:4      | 4413 ||| FLEEEEING.
  4414 | D:4      | 4414 ||| FLEEEEING.
  4415 | D:4      | 4415 ||| FLEEEEING.
  4416 | D:4      | 4416 ||| FLEEEEING.
  4417 | D:4      | 4417 ||| FLEEEEING.
  4418 | D:4      | 4418 ||| FLEEEEING.
  4419 | D:4      | 4419 ||| FLEEEEING.
  4424 | D:4      | 4424 ||| FLEEEEING.
  4425 | D:4      | 4425 ||| FLEEEEING.
  4426 | D:4      | 4426 ||| FLEEEEING.
  4427 | D:4      | 4427 ||| FLEEEEING.
  4428 | D:4      | 4428 ||| FLEEEEING.
  4429 | D:4      | 4429 ||| FLEEEEING.
  4430 | D:4      | 4430 ||| FLEEEEING.
  4431 | D:4      | 4431 ||| FLEEEEING.
  4432 | D:4      | 4432 ||| FLEEEEING.
  4433 | D:4      | 4433 ||| FLEEEEING.
  4434 | D:4      | 4434 ||| FLEEEEING.
  4443 | D:4      | 4443 ||| FLEEEEING.
  4444 | D:4      | 4444 ||| FLEEEEING.
  4445 | D:4      | 4445 ||| FLEEEEING.
  4446 | D:4      | 4446 ||| FLEEEEING.
  4447 | D:4      | 4447 ||| FLEEEEING.
  4448 | D:4      | 4448 ||| FLEEEEING.
  4449 | D:4      | 4449 ||| STAIRDANCE
  4586 | D:3      | 4586 ||| DRINKING 2 smoky silvery potions.
  4587 | D:3      | 4587 ||| DROPPING potion of brilliance.
  4851 | D:4      | 4851 ||| Stepping ~*~*~tactically~*~*~ (stealth).
  4859 | D:4      | 4859 ||| Stepping ~*~*~tactically~*~*~ (stealth).
  4878 | D:4      | 4878 ||| FLEEEEING.
  4879 | D:4      | 4879 ||| FLEEEEING.
  4879 | D:4      | Noticed Pikel
  4891 | D:4      | Killed Pikel
  4892 | D:4      | Reached skill level 6 in Fighting
  5048 | D:4      | Found a shadowy altar of Dithmenos.
  5099 | D:4      | 5099 ||| READING scroll of brand weapon.
  5099 | D:4      | 5099 ||| BRANDING +3 war axe of draining.
  5221 | D:4      | 5221 ||| UPGRADING to +6 ring of dexterity.
  5222 | D:4      | 5222 ||| READING scroll labelled JOONAI PAONKOEGORE.
  5223 | D:4      | 5223 ||| READING 2 scrolls of identify.
  5223 | D:4      | 5223 ||| IDENTIFYING bubbling black potion
  5224 | D:4      | 5224 ||| DROPPING potion of degeneration.
  5225 | D:4      | 5225 ||| READING 4 scrolls of teleportation.
  5262 | D:5      | Entered Level 5 of the Dungeon
  5337 | D:5      | Noticed Menkaure
  5338 | D:5      | 5338 ||| FLEEEEING.
  5339 | D:5      | 5339 ||| FLEEEEING.
  5343 | D:5      | 5343 ||| STAIRDANCE
  5481 | D:5      | Killed Menkaure
  5614 | D:5      | Found a sacrificial altar of Ru.
  5653 | D:5      | 5653 ||| Stepping ~*~*~tactically~*~*~ (hiding).
  5657 | D:5      | 5657 ||| Stepping ~*~*~tactically~*~*~ (hiding).
  5658 | D:5      | 5658 ||| Stepping ~*~*~tactically~*~*~ (stealth).
  5659 | D:5      | 5659 ||| Stepping ~*~*~tactically~*~*~ (hiding).
  5660 | D:5      | 5660 ||| Stepping ~*~*~tactically~*~*~ (stealth).
  5665 | D:5      | 5665 ||| Stepping ~*~*~tactically~*~*~ (stealth).
  5674 | D:5      | Gained mutation: You have a tail ending in a sharp stinger.
                  | [demonic ancestry]
  5674 | D:5      | Reached XP level 9. HP: 71/71 MP: 10/10
  5679 | D:5      | 5679 ||| Stepping ~*~*~tactically~*~*~ (stealth).
  5681 | D:5      | 5681 ||| Stepping ~*~*~tactically~*~*~ (stealth).
  5683 | D:5      | 5683 ||| Stepping ~*~*~tactically~*~*~ (stealth).
  5693 | D:5      | Reached skill level 9 in Axes
  5698 | D:5      | 5698 ||| Stepping ~*~*~tactically~*~*~ (stealth).
  5702 | D:5      | 5702 ||| Stepping ~*~*~tactically~*~*~ (stealth).
  5705 | D:5      | 5705 ||| Stepping ~*~*~tactically~*~*~ (hiding).
  5818 | D:5      | Found a runed translucent gate.
  5818 | D:5      | Found a runed translucent gate.
  5818 | D:5      | Found a runed translucent gate.
  5819 | D:5      | Noticed qw's ghost (novice MiBe)
  5824 | D:5      | Reached skill level 3 in Armour
  6175 | D:6      | 6175 ||| READING scroll of brand weapon.
  6175 | D:6      | 6175 ||| BRANDING +3 war axe of electrocution.
  6501 | D:6      | Found an iron altar of Okawaru.
  6973 | D:6      | 6973 ||| DROPPING ring of flight.
  6974 | D:6      | 6974 ||| READING 3 scrolls of identify.
  6974 | D:6      | 6974 ||| IDENTIFYING bubbling red potion
  6975 | D:6      | 6975 ||| DROPPING potion of attraction.
  7034 | D:7      | Found a staircase to the Ecumenical Temple.
  7035 | D:7      | 7035 ||| STAIRDANCE
  7041 | D:7      | 7041 ||| STAIRDANCE
  7104 | D:7      | 7104 ||| INVOKING Fiery Armour.
  7106 | D:7      | 7106 ||| STAIRDANCE
  7132 | D:7      | 7132 ||| STAIRDANCE
  7137 | D:6      | Reached skill level 10 in Axes
  7141 | D:7      | 7141 ||| STAIRDANCE
  7149 | D:7      | 7149 ||| STAIRDANCE
  7176 | D:7      | 7176 ||| STAIRDANCE
  7183 | D:7      | 7183 ||| STAIRDANCE
  7191 | D:7      | 7191 ||| STAIRDANCE
  7195 | D:7      | 7195 ||| STAIRDANCE
  7415 | D:7      | Noticed Prince Ribbit
  7422 | D:7      | Killed Prince Ribbit
  7590 | D:7      | 7590 ||| Stepping ~*~*~tactically~*~*~ (hiding).
  7879 | D:7      | Found a sparkling altar of Nemelex Xobeh.
  7879 | D:7      | Found a shimmering blue altar of Sif Muna.
  7995 | D:7      | 7995 ||| READING scroll labelled NOTWUI SELOPOOFA.
  7996 | D:7      | 7996 ||| READING 2 scrolls of identify.
  7996 | D:7      | 7996 ||| IDENTIFYING black potion
  7997 | D:7      | 7997 ||| DROPPING potion of magic.
  8017 | D:8      | 8017 ||| STAIRDANCE
  8024 | D:8      | 8024 ||| STAIRDANCE
  8027 | D:7      | Reached skill level 11 in Axes
  8143 | D:8      | 8143 ||| STAIRDANCE
  8327 | D:8      | 8327 ||| FLEEEEING.
  8328 | D:8      | 8328 ||| FLEEEEING.
  8329 | D:8      | 8329 ||| FLEEEEING.
  8330 | D:8      | 8330 ||| FLEEEEING.
  8331 | D:8      | 8331 ||| FLEEEEING.
  8332 | D:8      | 8332 ||| FLEEEEING.
  8333 | D:8      | 8333 ||| FLEEEEING.
  8334 | D:8      | 8334 ||| FLEEEEING.
  8335 | D:8      | 8335 ||| FLEEEEING.
  8337 | D:8      | 8337 ||| INVOKING Fiery Armour.
  8338 | D:8      | HP: 17/68 [poisoned by a kobold brigand (curare-tipped
                  | dart)]
  8339 | D:8      | 8339 ||| READING 4 scrolls of teleportation.
  8339 | D:8      | Killed from afar by an acid dragon

Levels and vault maps discovered:
D:1:      evilmike_arrival_plus, layout_loops_ring,
          shapermc_ecumenical_altar_rom_forum, minmay_curled_crystal
D:2:      layout_loops_ring, minmay_indecisive_spiral, uniq_terence
D:3:      layout_basic, led_xom_imps, serial_curves, eino_curves_04,
          eino_curves_02, chequers_decorated_corner, feat_on_display, uniq_ijyb
D:4:      minmay_chambers_of_twos, layout_cave_pods,
          nicolae_dithmenos_the_darkroom, enter_ossuary_2, uniq_pikel
D:5:      layout_basic, mainiacjoe_overflow_cross_hatched,
          gammafunk_ghost_nasty_kobolds, uniq_menkaure
D:6:      layout_loops_corners, general_overflow_altar,
          hangedman_abyss_or_decor_passed
D:7:      layout_rooms, gammafunk_temple_overflow_claw,
          minmay_temple_entry_junction, serial_bayou, serial_bayou_pond_a,
          serial_bayou_shore_b, serial_bayou_pond_a, serial_bayou_crossing,
          uniq_prince_ribbit1
D:8:      layout_cave_pools, nzn_wu_jian_council_hall

Skill      XL: |  1  2  3  4  5  6  7  8  9 |
---------------+----------------------------+-----
Axes           | 3 4 5 6 7 8 11 | 11.0
Armour         | 1 2 3 |  3.6
Dodging        | 1 2 |  2.5
Fighting       | 4 6 7 |  7.1
Spellcasting   | |  1.0
Fire Magic     | |  2.6

Action                   |  1- 3 |  4- 6 |  7- 9 || total
-------------------------+-------+-------+-------++-------
Melee: Hand axe          |   122 |   118 |       ||   240
       Tailslap          |    11 |    16 |    34 ||    61
       Punch             |     1 |     1 |     2 ||     4
       Headbutt          |     7 |    16 |    52 ||    75
       Kick              |       |    37 |    78 ||   115
       War axe           |       |    33 |   277 ||   310
       Peck              |       |       |    26 ||    26
Invok: Fiery Armour      |     1 |     2 |     2 ||     5
  Use: Scroll            |     5 |     6 |    15 ||    26
       Potion            |       |     1 |     3 ||     4
 Stab: Distracted        |       |     1 |       ||     1
       Invisible         |       |     1 |     7 ||     8
       Petrifying        |       |       |     1 ||     1
Armor: Robe              |    14 |       |       ||    14
       Scale mail        |    30 |    61 |       ||    91
       Chain mail        |       |     4 |   106 ||   110
Dodge: Dodged            |    51 |    55 |   222 ||   328

Table legend:
 A = Non-vault XP
 B = Vault XP
 C = Vault XP percentage of total XP
 D = Non-vault monster count
 E = Vault monster count
 F = Vault count percentage of total count
                 A         B        C        D         E       F
            +---------+---------+-------+---------+---------+-------
      Total |    3136 |    2225 |  41.5 |     150 |      36 |  19.4
            +---------+---------+-------+---------+---------+-------
        D:1 |      32 |       0 |   0.0 |      17 |       0 |   0.0
        D:2 |      65 |      43 |  39.8 |      22 |       5 |  18.5
        D:3 |     356 |     234 |  39.7 |      30 |       5 |  14.3
        D:4 |     209 |     821 |  79.7 |      19 |       9 |  32.1
        D:5 |     779 |     172 |  18.1 |      20 |       1 |   4.8
        D:6 |     836 |       0 |   0.0 |      19 |       0 |   0.0
        D:7 |     842 |     274 |  24.6 |      21 |       1 |   4.5
        D:8 |      17 |       0 |   0.0 |       2 |       0 |   0.0
    Ossuary |       0 |     681 | 100.0 |       0 |      15 | 100.0
            +---------+---------+-------+---------+---------+-------
